 Dungeon Crawl Stone Soup version 0.18-a0-1677-g2bdad6c (webtiles) character file.

359 Arkorax the Ducker (level 6, 0/33 HPs)
             Began as a Spriggan Berserker on Apr 2, 2016.
             Was a Priest of Trog.
             Killed by divine providence
             ... invoked by an orc priest
              (12 damage)
             ... on level 4 of the Dungeon.
             The game lasted 00:04:41 (4278 turns).

Arkorax the Ducker (Spriggan Berserker)             Turns: 4278, Time: 00:04:42

Health: 0/33       AC:  2    Str: 13    XL:     6   Next: 37%
Magic:  7/7        EV: 22    Int:  9    God:    Trog [***...]
Gold:   155        SH:  0    Dex: 17    Spells: 0 memorised, 5 levels left

rFire  . . .     SeeInvis +     a - +0 short sword
rCold  . . .     Gourm    .     c - +0 robe
rNeg   . . .     Faith    .     (shield restricted)
rPois  .         Spirit   .     (helmet restricted)
rElec  .         Dismiss  .     (no cloak)
rCorr  +         Reflect  .     (gloves unavailable)
SustAt .         Harm     .     (boots unavailable)
MR     +....                    (no amulet)
Stlth  ++........               n - ring of wizardry
                                d - ring of resist corrosion

@: very quick, somewhat resistant to hostile enchantments, unstealthy
A: unfitting armour, see invisible, herbivore 3, speed 3, slow metabolism 2
a: Berserk, Trog's Hand, Burn Spellbooks, Renounce Religion


You were on level 4 of the Dungeon.
You worshipped Trog.
Trog was most pleased with you.
You were hungry.

You visited 2 branches of the dungeon, and saw 5 of its levels.

You collected 155 gold pieces.

Inventory:

Hand Weapons
 a - a +0 short sword (weapon)
Armour
 b - a +0 animal skin
 c - a +0 robe (worn)
Jewellery
 d - a ring of resist corrosion (left hand)
 n - a ring of wizardry (right hand)
Scrolls
 e - a scroll of identify {unknown}
 g - 2 scrolls of teleportation {unknown}
 k - a scroll of noise {unknown}
 m - a scroll of amnesia {unknown}
 o - a scroll of random uselessness {unknown}
 p - a scroll of fog {unknown}
Potions
 f - 5 potions of curing {unknown}
 h - a potion of heal wounds {unknown}
 i - a potion of berserk rage {unknown}
 j - a potion of mutation {unknown}
 r - 2 potions of degeneration {unknown}
 s - a potion of flight {unknown}
Comestibles
 q - a bread ration


   Skills:
 + Level 3.7 Fighting
 + Level 5.5 Short Blades
 + Level 7.0 Dodging


You had 5 spell levels left.
You didn't know any spells.

Dungeon Overview and Level Annotations

Branches:
Dungeon (4/15)             Temple (1/1) D:4

Altars:
Pakellas
Vehumet


Innate Abilities, Weirdness & Mutations

You are tiny and cannot use many weapons and most armour.
You have supernaturally acute eyesight.
You are a herbivore.
You cover ground extremely quickly.
You need consume almost no food.


Message History

The orc priest is lightly wounded.
The orc priest closely misses you.
You closely miss the orc priest.
The orc priest is lightly wounded.
The orc priest completely misses you.
You hit the orc priest.
The orc priest is moderately wounded.
You hit the orc priest.
The orc priest is severely wounded.
The orc priest invokes the aid of Beogh against you.
Pain shoots through your body!
You hit the orc priest but do no damage.
The orc priest is severely wounded.
The orc priest mumbles some strange prayers to Beogh against you.
Beogh smites you!
You hit the orc priest.
The orc priest is almost dead.
The orc priest invokes the aid of Beogh against you.
Beogh smites you!
You die...

#................... # .
#.......#.o#####..#.
.#####..... #.......##.[# #.#
........... #.......###[# .#
#.#........ #.......# #.###
..###.......... #########
#...####..#>.# ##..#.
###....##.#..# ##...#.
##########.o..##.#..###......
#...........@......(.#.......
#.............#..............
#.................##.........
#.............#.#....#.......
#†>†.........................
#...........#...###..##......
#...........#.### ##..#......
#.............# ##.#......
#............## #.###.#..


You could see an orc priest.

Vanquished Creatures
  2 giant frog skeletons (D:4)
  A centaur skeleton (D:4)
  An orc wizard (D:4)
  Jessica (D:3)
  An iguana (D:4)
  6 adders
  3 gnolls (D:3)
  2 oozes
  3 dart slugs
  4 giant geckos
  6 orcs
  A ball python (D:2)
  13 bats
  3 giant cockroaches
  5 goblins
  8 hobgoblins
  12 jackals
  A quokka (D:4)
  8 giant newts
  5 kobolds
  5 rats
91 creatures vanquished.

Notes
Turn   | Place    | Note
--------------------------------------------------------------
     0 | D:1      | Arkorax the Spriggan Berserker began the quest for the Orb.
     0 | D:1      | Reached XP level 1. HP: 11/11 MP: 2/2
   114 | D:1      | Reached XP level 2. HP: 16/16 MP: 3/3
   543 | D:1      | Reached ** piety under Trog
   544 | D:1      | Reached skill level 5 in Dodging
   770 | D:1      | Reached XP level 3. HP: 19/19 MP: 4/4
  1168 | D:2      | Found an oddly glowing altar of Pakellas.
  1184 | D:2      | Found a faded altar to an unknown god.
  1995 | D:3      | Reached XP level 4. HP: 21/23 MP: 5/5
  2054 | D:3      | Noticed Jessica
  2090 | D:3      | Killed Jessica
  2732 | D:3      | Reached *** piety under Trog
  2889 | D:3      | Reached skill level 6 in Dodging
  2889 | D:3      | Reached XP level 5. HP: 17/28 MP: 6/6
  3371 | D:4      | Reached skill level 5 in Short Blades
  3594 | D:4      | Reached XP level 6. HP: 11/32 MP: 7/7
  3882 | D:4      | Found a staircase to the Ecumenical Temple.
  3981 | Temple   | Entered the Ecumenical Temple
  4102 | D:4      | Reached skill level 7 in Dodging
  4219 | D:4      | Found a radiant altar of Vehumet.
  4278 | D:4      | Killed from afar by an orc priest

Vault maps used:
D:1:      ncdulo_watergridlock, kennysheep_minor_cross, minmay_misc_feat_encased
D:2:      grunt_pakellas_salt, ecumenical_altar_1
D:3:      uniq_jessica
D:4:      overflow_temple_1_default, minmay_temple_entry_butterflies,
          first_bread
Temple:   chambers_temple_14

Skill      XL: |  1  2  3  4  5  6 |
---------------+-------------------+-----
Dodging        | 5 6 7 |  7.0
Short Blades   | 4 5 |  5.5
Fighting       | 3 |  3.7

Action                   |  1- 3 |  4- 6 || total
-------------------------+-------+-------++-------
Melee: Short sword       |   201 |   257 ||   458
Invok: Berserk           |     2 |     4 ||     6
       Trog's Hand       |     1 |     3 ||     4
 Stab: Sleeping          |     4 |       ||     4
  Eat: Bread ration      |     1 |       ||     1
       Pizza             |       |     1 ||     1
